MWL (24 & UNDER)
BEMIDJI BENDERS @ BARRY'S BAY ORIOLES
09/02/2025
 
TOP OF THE 1ST
Bemidji Benders batting - Pitching for Barry's Bay Orioles : RHP Wilson Molina
Pitching: RHP Wilson Molina
Batting: RHB Nick Harris 0-0: Ball
1-0: Ball
2-0: Foul Ball, location: 2F
2-1: Ground out 5-3 (Groundball, 5)
Batting: RHB Bob Carr 0-0: Fly out, F7 (Line Drive, 7M)
Batting: SHB Dave Henley 0-0: Swinging Strike
0-1: Called Strike
0-2: Strikes out swinging
Top of the 1st over - 0 run(s), 0 hit(s), 0 error(s), 0 left on base; Bemidji 0 - Barry's Bay 0
BOTTOM OF THE 1ST
Barry's Bay Orioles batting - Pitching for Bemidji Benders : RHP David Nanod
Pitching: RHP David Nanod
Batting: RHB Luis Suárez 0-0: Ground out U3 (Groundball, 3S)
Batting: RHB Félix Quintero 0-0: Called Strike
0-1: Called Strike
0-2: Strikes out looking
Pitching: LHP Pedro González
Batting: RHB Jeremy Flemming 0-0: Ball
1-0: Foul Ball, location: 2F
1-1: Ball
2-1: Ground out 6-3 (Groundball, 6)
Bottom of the 1st over - 0 run(s), 0 hit(s), 0 error(s), 0 left on base; Bemidji 0 - Barry's Bay 0
TOP OF THE 2ND
Bemidji Benders batting - Pitching for Barry's Bay Orioles : RHP Wilson Molina
Batting: RHB Ken McDonald 0-0: Ball
1-0: Called Strike
1-1: Fly out, F5 (Line Drive, 5)
Batting: LHB Todd Anderson 0-0: Swinging Strike
0-1: Ball
1-1: Foul Ball, location: 2F
1-2: Fly out, F9 (Flyball, 9LM)
Batting: RHB Aaron Washington 0-0: Called Strike
0-1: Ball
1-1: Called Strike
1-2: Ball
2-2: Foul Ball, location: 2F
2-2: Foul Ball, location: 2F
2-2: Ground out 6-3 (Groundball, 56)
Top of the 2nd over - 0 run(s), 0 hit(s), 0 error(s), 0 left on base; Bemidji 0 - Barry's Bay 0
BOTTOM OF THE 2ND
Barry's Bay Orioles batting - Pitching for Bemidji Benders : LHP Pedro González
Batting: RHB Sergio Solíz 0-0: Called Strike
0-1: Called Strike
0-2: Ball
1-2: Foul Ball, location: 2F
Single, Error in OF, E7, batter to second base
Batting: LHB José Rodríguez 0-0: Foul Ball, location: 2F
0-1: Ball
1-1: Swinging Strike
1-2: Ball
2-2: Strikes out swinging
Batting: RHB Jesús Villalobos 0-0: Ball
1-0: Ball
2-0: Ball
3-0: Base on Balls
Batting: SHB Walt Simmons 0-0: Foul Ball, location: 2F
0-1: Ball
1-1: Foul Ball, location: 2F
1-2: Foul Ball, location: 2F
1-2: Fly out, F8 (Flyball, 78D)
Batting: LHB Howard Evans 0-0: Called Strike
0-1: DOUBLE (Line Drive, 89M)
Sergio Solíz scores
Jesús Villalobos to third
Runner from 3rd tries for Home, SAFE, no throw or cutoff
Batting: LHB Carlos Romero 0-0: Ball
1-0: Ball
2-0: Ball
3-0: Called Strike
3-1: Base on Balls
Batting: RHB Luis Suárez 0-0: Ball
1-0: Fielders Choice at 2nd, 5-4 (Groundball, 56)
Bottom of the 2nd over - 2 run(s), 2 hit(s), 1 error(s), 1 left on base; Bemidji 0 - Barry's Bay 2
TOP OF THE 3RD
Bemidji Benders batting - Pitching for Barry's Bay Orioles : RHP Wilson Molina
Batting: SHB José Velásquez 0-0: Swinging Strike
0-1: Ball
1-1: Foul Ball, location: 2F
1-2: Ball
2-2: Ball
3-2: Strikes out swinging
Batting: LHB Jesús Raugel 0-0: Ground out 4-3 (Groundball, 4M)
Batting: RHB Roberto Solís 0-0: Ground out 4-3 (Groundball, 4)
Top of the 3rd over - 0 run(s), 0 hit(s), 0 error(s), 0 left on base; Bemidji 0 - Barry's Bay 2
BOTTOM OF THE 3RD
Barry's Bay Orioles batting - Pitching for Bemidji Benders : LHP Pedro González
Batting: RHB Félix Quintero 0-0: Ball
1-0: Foul Ball, location: 2F
1-1: Ball
2-1: Called Strike
2-2: Ball
3-2: Base on Balls
Batting: RHB Jeremy Flemming 0-0: Ball
1-0: Ball
2-0: Foul Ball, location: 2F
2-1: Ball
3-1: Base on Balls
Félix Quintero to second
Batting: RHB Sergio Solíz 0-0: Ball
1-0: Grounds into double play, 4-6-3 (Groundball, 34)
Félix Quintero to third
Batting: LHB José Rodríguez 0-0: Called Strike
0-1: Ball
1-1: Fly out, F4 (Popup, 4D)
Bottom of the 3rd over - 0 run(s), 0 hit(s), 0 error(s), 1 left on base; Bemidji 0 - Barry's Bay 2
TOP OF THE 4TH
Bemidji Benders batting - Pitching for Barry's Bay Orioles : RHP Wilson Molina
Batting: RHB Nick Harris 0-0: Foul Ball, location: 2F
0-1: Ball
1-1: Ball
2-1: Foul Ball, location: 2F
2-2: Ball
3-2: Base on Balls
Batting: RHB Bob Carr 0-0: Called Strike
Nick Harris steals 2nd base
0-1: Ball
1-1: Ball
2-1: Ground out 5-3 (Groundball, 5S)
Nick Harris to third
Batting: SHB Dave Henley 0-0: Called Strike
0-1: Ball
1-1: SINGLE (Groundball, 4MD)
Nick Harris scores
Batting: RHB Ken McDonald 0-0: Grounds into double play, 5-4-3 (Groundball, 5D)
Top of the 4th over - 1 run(s), 1 hit(s), 0 error(s), 0 left on base; Bemidji 1 - Barry's Bay 2
BOTTOM OF THE 4TH
Barry's Bay Orioles batting - Pitching for Bemidji Benders : LHP Pedro González
Batting: RHB Jesús Villalobos 0-0: Hit by Pitch
Batting: SHB Walt Simmons 0-0: Ball
1-0: Called Strike
1-1: Called Strike
1-2: Ball
2-2: Ball
3-2: Foul Ball, location: 2F
3-2: Foul Ball, location: 2F
3-2: Base on Balls
Jesús Villalobos to second
Batting: LHB Howard Evans 0-0: Called Strike
0-1: Ball
1-1: Ball
2-1: SINGLE (Groundball, 34)
Jesús Villalobos to third
Walt Simmons to second
Runner from 3rd tries for Home, SAFE, no throw or cutoff
Batting: LHB Carlos Romero 0-0: Ball
1-0: Ball
2-0: Foul Ball, location: 2F
2-1: Foul Ball, location: 2F
2-2: Fielders Choice at 2nd, 3-6 (Groundball, 34)
Walt Simmons to third
Batting: RHB Luis Suárez 0-0: Ball
1-0: Foul Ball, location: 2F
1-1: Called Strike
1-2: Ball
2-2: Ball
3-2: Base on Balls
Carlos Romero to second
Batting: RHB Félix Quintero 0-0: Called Strike
0-1: Ball
1-1: Foul Ball, location: 2F
1-2: Ball
2-2: Grounds into double play, 6-4-3 (Groundball, 6)
Bottom of the 4th over - 1 run(s), 1 hit(s), 0 error(s), 2 left on base; Bemidji 1 - Barry's Bay 3
TOP OF THE 5TH
Bemidji Benders batting - Pitching for Barry's Bay Orioles : RHP Wilson Molina
Batting: LHB Todd Anderson 0-0: Ball
1-0: Ball
2-0: Called Strike
2-1: DOUBLE (Line Drive, 9LM)
Batting: RHB Aaron Washington 0-0: Ball
1-0: Ball
2-0: Called Strike
2-1: Ball
3-1: Base on Balls
Batting: SHB José Velásquez 0-0: Ground out 4-3 (Groundball, 4M)
Todd Anderson to third
Aaron Washington to second
Batting: LHB Jesús Raugel 0-0: Ball
1-0: Called Strike
1-1: Called Strike
1-2: Ball
2-2: Strikes out swinging
Batting: RHB Roberto Solís 0-0: Ball
1-0: Swinging Strike
1-1: Ball
2-1: Ball
3-1: Ground out 6-3 (Groundball, 6)
Top of the 5th over - 0 run(s), 1 hit(s), 0 error(s), 2 left on base; Bemidji 1 - Barry's Bay 3
BOTTOM OF THE 5TH
Barry's Bay Orioles batting - Pitching for Bemidji Benders : LHP Pedro González
Batting: RHB Jeremy Flemming 0-0: Ball
1-0: Swinging Strike
1-1: Called Strike
1-2: Ball
2-2: Ball
3-2: SINGLE (Line Drive, 56)
Batting: RHB Sergio Solíz 0-0: Called Strike
0-1: Ball
1-1: Called Strike
1-2: Foul Ball, location: 2F
1-2: Strikes out swinging
Pitching: RHP Ambrose Palmer
Batting: LHB José Rodríguez 0-0: Ball
1-0: Called Strike
1-1: Foul Ball, location: 2F
1-2: Ball
2-2: Strikes out swinging
Batting: RHB Jesús Villalobos 0-0: Swinging Strike
0-1: Fielders Choice at 2nd, 6-4 (Groundball, 6)
Bottom of the 5th over - 0 run(s), 1 hit(s), 0 error(s), 0 left on base; Bemidji 1 - Barry's Bay 3
TOP OF THE 6TH
Bemidji Benders batting - Pitching for Barry's Bay Orioles : RHP Wilson Molina
Batting: RHB Nick Harris 0-0: Foul Ball, location: 2F
0-1: Foul Ball, location: 2F
0-2: DOUBLE (Line Drive, 78M)
Batting: RHB Bob Carr 0-0: Called Strike
0-1: Ground out 6-3 (Groundball, 6)
Batting: SHB Dave Henley 0-0: Ball
1-0: Swinging Strike
1-1: Ground out U3 (Groundball, 3)
Nick Harris to third
Batting: RHB Ken McDonald 0-0: Hit by Pitch
Batting: LHB Todd Anderson 0-0: Swinging Strike
0-1: Ball
1-1: Fly out, F9 (Line Drive, 89M)
Top of the 6th over - 0 run(s), 1 hit(s), 0 error(s), 2 left on base; Bemidji 1 - Barry's Bay 3
BOTTOM OF THE 6TH
Barry's Bay Orioles batting - Pitching for Bemidji Benders : RHP Ambrose Palmer
Batting: SHB Walt Simmons 0-0: Ball
1-0: Foul Ball, location: 2F
1-1: Ground out U3 (Groundball, 3L)
Batting: LHB Howard Evans 0-0: Called Strike
0-1: Ball
1-1: Ball
2-1: Foul Ball, location: 2F
2-2: SINGLE (Line Drive, 4MD)
Batting: LHB Carlos Romero 0-0: Called Strike
0-1: SINGLE (Groundball, 6M)
Howard Evans to second
Runner from 2nd tries for 3rd, SAFE, throw made to third
Batting: RHB Luis Suárez 0-0: Called Strike
0-1: Ball
1-1: Foul Ball, location: 2F
1-2: Strikes out swinging
Batting: RHB Félix Quintero 0-0: Ball
1-0: Foul Ball, location: 2F
1-1: Ball
2-1: Called Strike
2-2: Foul Ball, location: 2F
2-2: Ball
3-2: Ground out U3 (Groundball, 3L)
Bottom of the 6th over - 0 run(s), 2 hit(s), 0 error(s), 2 left on base; Bemidji 1 - Barry's Bay 3
TOP OF THE 7TH
Bemidji Benders batting - Pitching for Barry's Bay Orioles : RHP Wilson Molina
Now in RF: Jesús Castillo
Batting: RHB Aaron Washington 0-0: Ball
1-0: Ground out 1-3 (Groundball, 13S)
Batting: SHB José Velásquez 0-0: Ball
1-0: Ball
2-0: Swinging Strike
2-1: Foul Ball, location: 2F
2-2: Ball
3-2: Foul Ball, location: 2F
3-2: Strikes out looking
Batting: LHB Jesús Raugel 0-0: Called Strike
0-1: Fly out, F9 (Flyball, 89M)
Top of the 7th over - 0 run(s), 0 hit(s), 0 error(s), 0 left on base; Bemidji 1 - Barry's Bay 3
BOTTOM OF THE 7TH
Barry's Bay Orioles batting - Pitching for Bemidji Benders : RHP Ambrose Palmer
Batting: RHB Jeremy Flemming 0-0: Called Strike
0-1: Foul Ball, location: 2F
0-2: Ball
1-2: Ball
2-2: Ball
3-2: Base on Balls
Batting: RHB Sergio Solíz 0-0: Swinging Strike
0-1: Foul Ball, location: 2F
0-2: Ball
1-2: Strikes out swinging
Pitching: LHP Carlos Corona
Batting: RHB Jesús Castillo 0-0: Ball
1-0: Foul Ball, location: 2F
1-1: Ball
2-1: Ball
3-1: Foul Ball, location: 2F
3-2: Ground out 5-3 (Groundball, 5S)
Jeremy Flemming to second
Batting: RHB Jesús Villalobos 0-0: Called Strike
0-1: Swinging Strike
0-2: Strikes out swinging
Bottom of the 7th over - 0 run(s), 0 hit(s), 0 error(s), 1 left on base; Bemidji 1 - Barry's Bay 3
TOP OF THE 8TH
Bemidji Benders batting - Pitching for Barry's Bay Orioles : RHP Wilson Molina
Pitching: RHP Artie Hall
Now at SS: Luis Flores
Batting: RHB Roberto Solís 0-0: Called Strike
0-1: Ball
1-1: Swinging Strike
1-2: SINGLE (Groundball, 56D)
Pitching: LHP Miguel Muńíz
Batting: RHB Nick Harris 0-0: Ball
1-0: Fielders Choice at 2nd, U6 (Groundball, 6M)
Batting: RHB Bob Carr 0-0: Ball
1-0: Ball
2-0: Ball
3-0: Called Strike
3-1: Called Strike
3-2: Fly out, F6 (Popup, 6)
Batting: SHB Dave Henley 0-0: Ball
1-0: Ground out 3-1 (Groundball, 34S)
Top of the 8th over - 0 run(s), 1 hit(s), 0 error(s), 1 left on base; Bemidji 1 - Barry's Bay 3
BOTTOM OF THE 8TH
Barry's Bay Orioles batting - Pitching for Bemidji Benders : LHP Carlos Corona
Batting: SHB Walt Simmons 0-0: Called Strike
0-1: Ball
1-1: Swinging Strike
1-2: Ball
2-2: Foul Ball, location: 2F
2-2: SINGLE (Flyball, 89M)
Batting: LHB Howard Evans 0-0: Ball
1-0: Ball
2-0: Ball
3-0: Foul Ball, location: 2F
3-1: Called Strike
3-2: Strikes out swinging
Walt Simmons is caught stealing 2nd base
Batter strikes out.
Batting: LHB Carlos Romero 0-0: Ball
1-0: Called Strike
1-1: Foul Ball, location: 2F
1-2: Foul Ball, location: 2F
1-2: Ball
2-2: Ball
3-2: Foul Ball, location: 2F
3-2: Fly out, F7 (Flyball, 7LM)
Bottom of the 8th over - 0 run(s), 1 hit(s), 0 error(s), 0 left on base; Bemidji 1 - Barry's Bay 3
TOP OF THE 9TH
Bemidji Benders batting - Pitching for Barry's Bay Orioles : LHP Miguel Muńíz
Pitching: RHP Alfredo López
Batting: RHB Ken McDonald 0-0: Fly out, F9 (Flyball, 9M)
Batting: LHB Todd Anderson 0-0: Ball
1-0: Ball
2-0: Called Strike
2-1: Swinging Strike
2-2: Ball
3-2: Fly out, F8 (Popup, 8RS)
Batting: RHB Aaron Washington 0-0: Ball
1-0: Fly out, F9 (Flyball, 89M)
Top of the 9th over - 0 run(s), 0 hit(s), 0 error(s), 0 left on base; Bemidji 1 - Barry's Bay 3
This league is powered by Out of the Park Baseball, the baseball management simulation game for PC, Mac and Linux
Tuesday, August 2nd, 2016 - OOTP Baseball 16.8 Build 38